 Dungeon Crawl Stone Soup version 0.30-a0-718-geaa24f58ff (webtiles) character file.

Game seed: 2372019743744001531

947 hikkokomori the Ducker (level 8, -2/42 HPs)
             Began as a Vine Stalker Gladiator on Jan 26, 2023.
             Killed by an exploding orc wizard (21 damage)
             ... ignited by their inner flame
             ... on level 5 of the Dungeon.
             The game lasted 00:05:28 (3349 turns).

hikkokomori the Ducker (Vine Stalker Gladiator)     Turns: 3349, Time: 00:05:28

Health: -2/42      AC: -10   Str: 20    XL:     8   Next: 13%
Magic:  0/18       EV: 13    Int:  8    God:
Gold:   240        SH:  5    Dex: 15    Spells: 7/7 levels left

rFire   . . .      SeeInvis .    f - +2 whip (flame)
rCold   . . .      Faith    .    (no shield)
rNeg    . . .      Spirit   +    b - +0 leather armour
rPois   .          Reflect  +    c - +0 helmet
rElec   .          Harm     .    h - +0 cloak
rCorr   .          Rampage  .    (no gloves)
Will    +....                    r - +0 pair of boots
Stlth   +                        w - amulet of reflection
HPRegen 1.07/turn                l - ring of magical power
MPRegen 0.16/turn                (no ring)

@: corroded
A: fangs 3, regeneration 1, magic shield, antimagic bite, no potion heal 2
a: no special abilities


You were on level 5 of the Dungeon.
You visited 1 branch of the dungeon, and saw 5 of its levels.

You collected 240 gold pieces.

Inventory:

Hand Weapons
 a - a +0 rapier
 f - a +2 whip of flaming (weapon)
 u - a +0 dagger of draining
Missiles
 d - 2 throwing nets (quivered)
 e - a javelin
Armour
 b - a +0 leather armour (worn)
 c - a +0 helmet (worn)
 h - a +0 cloak (worn)
 r - a +0 pair of boots (worn)
Jewellery
 l - a ring of magical power (left hand)
 w - an amulet of reflection (around neck)
 y - an amulet of the acrobat
Wands
 s - a wand of polymorph (4)
 v - a wand of roots (5)
Scrolls
 g - 2 scrolls of immolation
 j - 4 scrolls of identify {unknown}
 k - 2 scrolls of teleportation {unknown}
 m - a scroll of fog {unknown}
 o - 2 scrolls of enchant weapon {unknown}
 t - a scroll of magic mapping {unknown}
Potions
 i - 3 potions of invisibility {unknown}
 n - a potion of might {unknown}
 p - a potion of mutation {unknown}
 q - 5 potions of heal wounds {unknown}
 x - 5 potions of curing {unknown}
 z - a potion of degeneration {unknown}
 A - 3 potions of cancellation {unknown}
 B - a potion of haste {unknown}


   Skills:
 + Level 4.4 Fighting
 - Level 2.6 Short Blades
 + Level 3.9 Maces & Flails
 + Level 4.4 Throwing
 + Level 4.4 Dodging


You had 7 spell levels left.
You didn't know any spells.
Your spell library was empty.

Dungeon Overview and Level Annotations

Branches:
Dungeon (5/15)
 Temple: D:4-7

Altars:
Makhleb

Shops:
D:1 [


Innate Abilities, Weirdness & Mutations

You have razor-sharp teeth.
Your natural rate of healing is unusually fast.
When hurt, damage is shared between your health and your magic reserves.
Your bite disrupts and absorbs the magic of your enemies.
Potions cannot restore your health.


Message History

You are too injured to fight recklessly!
You are too injured to fight recklessly!
You are too injured to fight recklessly!
You are too injured to fight recklessly!
You are too injured to fight recklessly!
You are too injured to fight recklessly!
You are too injured to fight recklessly!
You are too injured to fight recklessly!
You are too injured to fight recklessly!
You are too injured to fight recklessly!
You are too injured to fight recklessly!
You are too injured to fight recklessly!
You are too injured to fight recklessly!
You are too injured to fight recklessly!
You are too injured to fight recklessly!
You are too injured to fight recklessly!
You are too injured to fight recklessly!
You are too injured to fight recklessly!
You are too injured to fight recklessly!
Unknown command.
Aiming: Fastroot
Press: ? - help, Shift-Dir - straight line, f - orc
Aim: an orc, wielding a +0 hand axe The roots erupt in riotous growth!
Roots grab the orc.
The grasping roots constrict the orc.
You hear some strange, mumbled words.
A puff of flame appears from out of thin air!
The puff of flame hits you.
As you read the scroll labelled VOLAOFYUNO, it crumbles to dust.
The creatures around you are filled with an inner flame!
It was a scroll of immolation.
The grasping roots constrict the orc.
The orc explodes!
The fiery explosion engulfs the orc!
The fiery explosion engulfs something!!
Reactivating autopickup.
You feel a bit more experienced.
The orc wizard explodes!
The fiery explosion engulfs you!!
Ouch! That really hurt!
You die...

#.#.# #....
#.#.# #....
#.#.######....
#..........###
###.######## #
#.# # #.# #
###.#########)#
....§§§@......#
....§####.#####
### #.# #.# #.#
#.# #.# ...


There were no monsters in sight!

Vanquished Creatures
  Grinder (D:4)
  Sigmund (D:5)
  A gnoll sergeant (D:3)
  4 scorpions
  A howler monkey (D:4)
  A jelly (D:5)
  An orc priest (D:3)
  2 orc wizards
  5 gnolls (D:4)
  4 adders
  An ufetubus (D:5)
  2 worms
  A dart slug (D:3)
  16 orcs
  4 bats
  7 endoplasms
  4 giant cockroaches
  6 goblins
  3 hobgoblins
  2 jackals (D:2)
  5 quokkas
  6 ball pythons
  4 frilled lizards
  7 kobolds
  5 rats
94 creatures vanquished.

Notes
Turn   | Place    | Note
-------+----------+-------------------------------------------
     0 | D:1      | hikkokomori the Vine Stalker Gladiator began the quest for
                  | the Orb.
     0 | D:1      | Reached XP level 1. HP: 11/11 MP: 2/2
   120 | D:1      | Reached XP level 2. HP: 11/15 MP: 3/3
   476 | D:1      | Found Uvor's Antique Armour Shop.
   489 | D:1      | Reached skill level 1 in Maces & Flails
   539 | D:1      | Reached XP level 3. HP: 18/18 MP: 4/4
  1309 | D:2      | Gained mutation: Your natural rate of healing is unusually
                  | fast. [Vine Stalker growth]
  1309 | D:2      | Reached XP level 4. HP: 23/23 MP: 5/5
  1616 | D:3      | Reached XP level 5. HP: 24/27 MP: 6/6
  2329 | D:4      | Reached XP level 6. HP: 32/32 MP: 7/7
  2409 | D:4      | Found a burning altar of Makhleb.
  2640 | D:4      | Noticed Grinder
  2655 | D:4      | Killed Grinder
  2656 | D:4      | Reached XP level 7. HP: 29/37 MP: 8/8
  3229 | D:5      | Entered Level 5 of the Dungeon
  3229 | D:5      | Noticed Edmund
  3230 | D:5      | Edmund changed into Edmund the scorpion
  3230 | D:5      | Noticed Edmund
  3239 | D:5      | Killed Edmund the scorpion
  3251 | D:5      | Noticed Sigmund
  3268 | D:5      | Killed Sigmund
  3269 | D:5      | Gained mutation: You have razor-sharp teeth. [Vine Stalker
                  | growth]
  3269 | D:5      | Reached XP level 8. HP: 39/42 MP: 9/9
  3349 | D:5      | Killed by an exploding orc wizard... ignited by their inner
                  | flame

Illustrated notes

Levels and vault maps discovered:
D:1:      lightli_molten_gateway, layout_loops_cross, serial_shops,
          nicolae_shop_statue_plus
D:2:      layout_loops_cross
D:3:      layout_loops_ring, minmay_cupped
D:4:      layout_loops_ring, mainiacjoe_overflow_brackets, uniq_grinder
D:5:      layout_loops_ring, serial_shops, nicolae_diamond_shop, uniq_eustachio,
          uniq_edmund, uniq_sigmund

Skill      XL: |  1  2  3  4  5  6  7 |
---------------+----------------------+-----
Fighting       | 2 3 4 |  4.4
Throwing       | 2 3 4 |  4.4
Maces & Flails | 1 2 3 |  3.9
Dodging        | 3 4 |  4.4
Short Blades   | |  2.6

Action                     |  1- 3 |  4- 6 |  7- 9 || total
---------------------------+-------+-------+-------++-------
  Melee: Whip              |    76 |   136 |    78 ||   290
         Bite              |    18 |    37 |    32 ||    87
         Punch             |     1 |     2 |     2 ||     5
  Throw: Throwing net      |       |       |     3 ||     3
  Evoke: Wand              |       |       |     3 ||     3
    Use: Scroll            |       |       |     1 ||     1
   Stab: Sleeping          |     2 |       |     1 ||     3
         Held in net/web   |       |       |     1 ||     1
 Armour: Leather armour    |    30 |    29 |    11 ||    70
  Dodge: Dodged            |    36 |    67 |    65 ||   168
  Block: Other             |       |     3 |    13 ||    16

Table legend: (Time is in decaauts)
 A = Elapsed time spent in this place.
 B = Non-inter-level travel time spent in this place.
 C = Inter-level travel time spent in this place.
 D = Time resting spent in this place.
 E = Time spent auto-exploring this place.
 F = Levels seen in this place.
 G = Mean time per level.
                   A        B        C        D        E       F      G
               +--------+--------+--------+--------+--------+-----+--------+
         Total |   3346 |   3255 |     91 |      2 |   2618 |   5 |  669.2 |
       Dungeon |   3346 |   3255 |     91 |      2 |   2618 |   5 |  669.2 |
               +--------+--------+--------+--------+--------+-----+--------+

Top non-repeatable levels by time:
     D:3: 953 daAuts
     D:4: 801 daAuts
     D:1: 788 daAuts
     D:2: 685 daAuts
     D:5: 117 daAuts
